 Dungeon Crawl Stone Soup version 0.28.0-45-g0d030f2227 (webtiles) character file.

Game seed: 6157693333978253926

194 pkoi the Gusty (level 5, 0/38 HPs)
             Began as a Demigod Air Elementalist on Apr 20, 2022.
             Slain by Edmund
             ... wielding a +2 vorpal flail
              (10 damage)
             ... on level 5 of the Dungeon.
             The game lasted 00:06:10 (4704 turns).

pkoi the Gusty (Demigod Air Elementalist)           Turns: 4704, Time: 00:06:10

Health: 0/38       AC:  3    Str:  9    XL:     5   Next: 20%
Magic:  8/11       EV: 12    Int: 21    God:
Gold:   90         SH:  0    Dex: 14    Spells: 2/8 levels left

rFire   . . .      SeeInvis .   d - +0 falchion (vamp)
rCold   . . .      Faith    .   (no shield)
rNeg    . . .      Spirit   .   a - +0 robe
rPois   .          Reflect  .   u - +0 helmet
rElec   .          Harm     .   k - scarf {shadows}
rCorr   .          Rampage  .   (no gloves)
Will    .....                   (no boots)
Stlth   ++........              (no amulet)
HPRegen 0.12/turn               (no ring)
MPRegen 0.12/turn               (no ring)

@: no status effects
A: high MP 1, forlorn, divine attributes
a: no special abilities


You were on level 5 of the Dungeon.
You visited 1 branch of the dungeon, and saw 5 of its levels.

You collected 90 gold pieces.

Inventory:

Hand Weapons
 c - a +0 club
 d - a +0 vampiric falchion (weapon)
 j - a +0 dagger of speed
Armour
 a - a +0 robe (worn)
 k - a scarf of shadows (worn)
 u - a +0 helmet (worn)
Wands
 p - a wand of iceblast (6)
Scrolls
 f - a scroll of blinking {unknown}
 h - a scroll of teleportation {unknown}
 i - 3 scrolls of identify {unknown}
 r - a scroll of torment {unknown}
 s - a scroll of noise {unknown}
Potions
 b - 3 potions of invisibility {unknown}
 e - 2 potions of magic {unknown}
 g - 2 potions of heal wounds {unknown}
 l - 2 potions of might {unknown}
 m - a potion of flight {unknown}
 n - a potion of lignification {unknown}
 o - a potion of degeneration {unknown}
 q - 3 potions of attraction {unknown}
 t - a potion of brilliance {unknown}


   Skills:
 - Level 1.7 Dodging
 - Level 1.7 Stealth
 + Level 2.2 Spellcasting
 - Level 2.0 Conjurations
 * Level 5.1 Air Magic


You had 2 spell levels left.
You knew the following spells:

 Your Spells              Type           Power      Damage    Failure   Level
a - Shock                 Conj/Air       68%        1d7       3%          1
b - Static Discharge      Conj/Air       17%        N/A       4%          2
c - Swiftness             Air            23%        N/A       5%          3

Your spell library contained the following spells:

 Spells                   Type           Power      Damage    Failure   Level
 Animate Skeleton         Necr           4%         N/A       14%         1
 Pain                     Necr           8%         1d4       14%         1
 Airstrike                Air            11%        N/A       19%         4
 Vampiric Draining        Necr           2%         2d6       41%         3


Dungeon Overview and Level Annotations

Branches:
Dungeon (5/15)
 Temple: D:4-7

Annotations:
D:4 Dowan, Duvessa, Natasha
D:5 Edmund


Innate Abilities, Weirdness & Mutations

You have an increased reservoir of magic. (+10% MP)
You shall have no god before yourself.
Your divine heritage dramatically boosts your attributes as you level up.


Message History

Natasha stares at you and mumbles some strange words.
The magic dart hits you.
There is a stone staircase leading up here.
Unknown command.
You climb upwards.
There is a stone staircase leading down here.
You start resting.
HP restored.
There is a stone staircase leading down here.
You climb downwards.
Level annotation: Dowan, Duvessa, Natasha
There is a stone staircase leading up here.
Unknown command.
Casting: Shock (safe; 3% risk of failure)
Confirm with . or Enter, or press ? or * to list all spells.
Okay, then.
Dowan says, "Stay away from my face!"
There is a stone staircase leading up here.
There is an open door here.
There is a stone staircase leading down here.
You climb downwards.
Found a fuming blue potion.
There is a stone staircase leading up here.
You miscast Shock.
You are very lightly contaminated with residual magic.
Nothing appears to happen.
Edmund shouts!
The zap hits Edmund.
Edmund is lightly wounded.
The zap hits Edmund.
Edmund is lightly wounded.
Edmund hits you with a +2 vorpal flail!
* * * LOW HITPOINT WARNING * * *
x2 Edmund closely misses you.
Edmund hits you with a +2 vorpal flail!
* * * LOW HITPOINT WARNING * * *
x2 Your magical contamination has completely faded away.
There is a stone staircase leading up here.
Edmund hits you with a +2 vorpal flail!
You die...

....... ......
..!.. ... #.#
######.#####
#....@@....###
#.............
#..........###
############


You could see Edmund.

Vanquished Creatures
  Ijyb (D:3)
  Robin (D:3)
  4 adders
  A worm (D:3)
  3 dart slugs
  3 orcs (D:3)
  9 ball pythons
  7 endoplasms
  4 giant cockroaches
  13 goblins
  13 hobgoblins
  8 jackals
  3 quokkas (D:1)
  7 bats
  8 frilled lizards
  8 kobolds
  8 rats
101 creatures vanquished.

Notes
Turn   | Place    | Note
-------+----------+-------------------------------------------
     0 | D:1      | pkoi the Demigod Air Elementalist began the quest for the
                  | Orb.
     0 | D:1      | Reached XP level 1. HP: 14/14 MP: 5/5
   157 | D:1      | Reached skill level 3 in Air Magic
   395 | D:1      | Reached XP level 2. HP: 15/20 MP: 0/7
   464 | D:1      | Learned a level 2 spell: Static Discharge
   502 | D:1      | Reached skill level 1 in Conjurations
  1239 | D:1      | Reached XP level 3. HP: 26/26 MP: 4/8
  1752 | D:2      | Reached skill level 4 in Air Magic
  2463 | D:2      | Reached XP level 4. HP: 27/33 MP: 2/9
  2760 | D:3      | Learned a level 3 spell: Swiftness
  2815 | D:3      | Noticed Ijyb
  2835 | D:3      | Killed Ijyb
  3196 | D:3      | Noticed a +0 hand axe
  3201 | D:3      | Noticed a +0 hand axe
  3644 | D:3      | Noticed Robin
  3958 | D:3      | Reached XP level 5. HP: 38/38 MP: 7/10
  4080 | D:3      | Killed Robin
  4081 | D:3      | Reached skill level 5 in Air Magic
  4451 | D:4      | Noticed Duvessa
  4534 | D:4      | Noticed Dowan
  4613 | D:4      | Noticed Natasha
  4696 | D:5      | Entered Level 5 of the Dungeon
  4696 | D:5      | Noticed Edmund
  4704 | D:5      | Slain by Edmund

Illustrated notes

Levels and vault maps discovered:
D:1:      psy_arrival_whirlpool, layout_loops_cross, minmay_3d_cube
D:2:      layout_loops_ring
D:3:      layout_loops_cross, lemuel_crystal_altar, dancing_weapons_uskayaw,
          ebering_ecumenical_altar_ruins, uniq_robin, uniq_ijyb
D:4:      layout_basic, uniq_grinder, uniq_natasha, uniq_duvessa
D:5:      layout_rooms, uniq_edmund

Skill      XL: |  1  2  3  4  5 |
---------------+----------------+-----
Air Magic      | 3 4 5 |  5.1
Conjurations   | 1 2 |  2.0
Spellcasting   | 2 |  2.2
Dodging        | |  1.7
Stealth        | |  1.7

Action                   |  1- 3 |  4- 6 || total
-------------------------+-------+-------++-------
Melee: Falchion          |    29 |     9 ||    38
 Cast: Shock             |   116 |    93 ||   209
 Stab: Sleeping          |     1 |       ||     1
Armor: Robe              |    11 |     3 ||    14
Dodge: Dodged            |    33 |    20 ||    53
